 Dungeon Crawl Stone Soup version 0.28.0-43-g3370ac3207 (webtiles) character file.

Game seed: 4491354626966381867

380 protoss039 the Magician (level 6, -6/32 HPs)
             Began as a Deep Elf Earth Elementalist on Mar 19, 2022.
             Mangled by an iguana (9 damage)
             ... on level 4 of the Dungeon.
             The game lasted 00:06:50 (3941 turns).

protoss039 the Magician (DEEE)                      Turns: 3941, Time: 00:06:51

Health: -6/32      AC: 12    Str:  5    XL:     6   Next: 46%
Magic:  17/17      EV: 13    Int: 22    God:
Gold:   93         SH:  0    Dex: 15    Spells: 8/18 levels left

rFire   . . .      SeeInvis .   k - +1 falchion (protect)
rCold   . . .      Faith    .   (no shield)
rNeg    . . .      Spirit   .   l - +1 robe of the Amoeba {rElec Stlth+ Archmagi}
rPois   .          Reflect  .   e - +0 helmet
rElec   +          Harm     .   r - +0 cloak {rCorr}
rCorr   +          Rampage  .   (no gloves)
Will    .....      Archmagi +   (no boots)
Stlth   +++.......              (no amulet)
HPRegen 0.10/turn               (no ring)
MPRegen 0.15/turn               (no ring)

@: under a protective aura
A: no striking features
a: no special abilities


You were on level 4 of the Dungeon.
You visited 1 branch of the dungeon, and saw 4 of its levels.

You collected 113 gold pieces.
You spent 20 gold pieces at shops.

Inventory:

Hand Weapons
 k - a +1 falchion of protection (weapon)
 m - a +3 falchion
Missiles
 c - 31 stones
Armour
 e - a +0 helmet (worn)
 l - the +1 robe of the Amoeba (worn) {rElec Stlth+ Archmagi}
   (You found it on level 3 of the Dungeon)

   rElec:     It insulates you from electricity.
   Archmagi:  It increases the power of your magical spells.
   Stlth:     It makes you more stealthy.
 r - a +0 cloak of preservation (worn)
Magical Staves
 j - a staff of air
Wands
 p - a wand of digging (5)
Scrolls
 a - a scroll of enchant armour {unknown}
 g - a scroll of teleportation {unknown}
 i - 3 scrolls of identify
 n - a scroll of fog {unknown}
 o - a scroll of magic mapping {unknown}
Potions
 b - a potion of cancellation {unknown}
 d - 3 potions of mutation
 f - a potion of brilliance {unknown}
 h - 2 potions of degeneration {unknown}
 q - a potion of flight {unknown}


   Skills:
 - Level 3.0 Dodging
 - Level 3.0 Stealth
 + Level 6.6 Spellcasting
 + Level 1.1 Transmutations
 + Level 5.9 Earth Magic


You had 8 spell levels left.
You knew the following spells:

 Your Spells              Type           Power      Damage    Failure   Level
a - Sandblast             Erth           100%       2d20      1%          1
b - Passwall              Tmut/Erth      28%        N/A       3%          2
c - Stone Arrow           Conj/Erth      60%        3d10      8%          3
d - Petrify               Tmut/Erth      34%        N/A       21%         4

Your spell library contained the following spells:

 Spells                   Type           Power      Damage    Failure   Level
 Animate Skeleton         Necr           20%        N/A       9%          1
 Pain                     Necr           40%        1d6       9%          1
 Blink                    Tloc           20%        N/A       13%         2
 Ozocubu's Armour         Ice            10%        N/A       26%         3
 Vampiric Draining        Necr           10%        2d6       26%         3
 Manifold Assault         Tloc           10%        N/A       94%         5
 Metabolic Englaciation   Hex/Ice        5%         N/A       94%         5
 Simulacrum               Ice/Necr       5%         N/A       100%        6
 Storm Form               Tmut/Air       7%         N/A       100%        7


Dungeon Overview and Level Annotations

Branches:
Dungeon (4/15)
 Temple: D:4-7

Altars:

Shops:
D:1 ?   D:2 ?


Message History

The iguana is moderately wounded.
The giant cockroach barely misses you. The iguana bites you.
The giant cockroach barely misses you. The iguana barely misses you.
Unknown command.
You hit the iguana.
The iguana is heavily wounded.
The giant cockroach misses you. The iguana bites you.
Unknown command.
You closely miss the giant cockroach.
The giant cockroach bites you but does no damage.
The iguana bites you.
The giant cockroach bites you but does no damage.
Unknown command.
You hit the giant cockroach but do no damage.
The giant cockroach bites you but does no damage.
The iguana bites you.
The giant cockroach bites you but does no damage.
The iguana barely misses you.
Unknown command.
You hit the giant cockroach.
The giant cockroach is severely wounded.
The giant cockroach bites you but does no damage.
The iguana completely misses you.
Unknown command.
You barely miss the giant cockroach.
The giant cockroach is severely wounded.
The giant cockroach barely misses you. The iguana closely misses you.
The giant cockroach bites you but does no damage.
Unknown command.
You hit the iguana.
The iguana is severely wounded.
The iguana bites you!
* * * LOW HITPOINT WARNING * * *
The giant cockroach closely misses you.
You hit the giant cockroach.
The giant cockroach is almost dead.
The iguana bites you.
* * * LOW HITPOINT WARNING * * *
The giant cockroach barely misses you. x2; The iguana bites you!
You die...

.. ... #.##.. .
#.########.##.#
#.#.......!#.##.#
................. ###
..#........##.#.######..
...........##.#.#.......
......B@...##.#.#.####..
......l...........# ###
...#............### # .
###########.## # #.# #
#.# # #.# # #.# #####
#.#####....


You could see an iguana and a giant cockroach.

Vanquished Creatures
  A phantom (D:4)
  An orc priest (D:4)
  2 hounds (D:4)
  2 orc wizards
  4 adders
  A howler monkey skeleton (D:4)
  6 worms
  4 dart slugs
  7 orcs
  6 endoplasms
  3 giant cockroaches
  7 goblins
  9 hobgoblins
  4 jackals (D:1)
  8 kobolds
  4 quokkas
  11 ball pythons
  6 bats
  2 frilled lizards
  5 rats
93 creatures vanquished.

Notes
Turn   | Place    | Note
-------+----------+-------------------------------------------
     0 | D:1      | protoss039 the Deep Elf Earth Elementalist began the quest
                  | for the Orb.
     0 | D:1      | Reached XP level 1. HP: 10/10 MP: 6/6
   191 | D:1      | Reached XP level 2. HP: 8/15 MP: 6/8
   790 | D:1      | Found Qikeal's Magic Scroll Emporium.
   983 | D:1      | Reached XP level 3. HP: 19/19 MP: 9/9
  1564 | D:1      | Learned a level 2 spell: Passwall
  1568 | D:1      | Learned a level 3 spell: Stone Arrow
  1591 | D:2      | Found Poisin's Magic Scroll Boutique.
  2055 | D:2      | You fall into a shaft and drop 1 floor!
  2154 | D:3      | Identified the +1 robe of the Amoeba {rElec Stlth+
                  | Archmagi}
  2180 | D:3      | Reached XP level 4. HP: 24/24 MP: 7/11
  2182 | D:3      | Reached skill level 4 in Spellcasting
  2256 | D:2      | Bought a scroll of identify for 20 gold pieces
  2566 | D:2      | Found a faded altar of an unknown god.
  2921 | D:3      | Reached XP level 5. HP: 28/28 MP: 12/14
  2922 | D:3      | Reached skill level 5 in Earth Magic
  3135 | D:3      | Learned a level 4 spell: Petrify
  3183 | D:4      | Reached skill level 5 in Spellcasting
  3758 | D:4      | Reached skill level 6 in Spellcasting
  3758 | D:4      | Reached XP level 6. HP: 32/32 MP: 12/17
  3941 | D:4      | Mangled by an iguana

Illustrated notes

Levels and vault maps discovered:
D:1:      dpeg_arrival_stonehenge_8_columns, layout_basic, serial_shops, shop,
          st_stairs_5
D:2:      layout_loops_ring, basic_ecumenical_altar, serial_shops,
          nicolae_shop_statue_plus
D:3:      layout_rooms
D:4:      layout_loops_cross

Skill      XL: |  1  2  3  4  5 |
---------------+----------------+-----
Stealth        | 3 |  3.0
Earth Magic    | 4 5 |  5.9
Dodging        | 3 |  3.0
Spellcasting   | 4 6 |  6.6
Transmutations | |  1.1

Action                   |  1- 3 |  4- 6 || total
-------------------------+-------+-------++-------
Melee: Unarmed           |     3 |       ||     3
       Dagger            |    78 |       ||    78
       Punch             |     2 |     1 ||     3
       Falchion          |     6 |    82 ||    88
 Cast: Sandblast         |    41 |    32 ||    73
  Use: Scroll            |       |     1 ||     1
 Stab: Sleeping          |    11 |     5 ||    16
Armor: Robe              |    29 |    37 ||    66
Dodge: Dodged            |    69 |    88 ||   157
